 Dungeon Crawl Stone Soup version 0.17-a0-1850-g688e747 (webtiles) character file.

157117 shakdrar the Warrior (level 17, -4/161 HPs)
             Began as a Minotaur Fighter on Sept 18, 2015.
             Was the Champion of the Shining One.
             Killed from afar by a shock serpent (16 damage)
             ... with a bolt of electricity
             ... on level 3 of the Snake Pit.
             The game lasted 02:58:22 (37674 turns).

shakdrar the Warrior (Minotaur Fighter)            Turns: 37674, Time: 02:58:22

Health: -4/161     AC: 35    Str: 28    XL:     17   Next: 11%
Magic:  25/25      EV:  5    Int:  8    God:    the Shining One [******]
Gold:   1721       SH: 25    Dex: 21    Spells: 0 memorised, 16 levels left

rFire  + + .     SeeInvis .     A - +5 flail (holy)
rCold  + + +     Clarity  +     E - +2 gold dragon armour
rNeg   + + +     SustAt   .     Z - +0 large shield
rPois  +         Gourm    .     (helmet restricted)
rElec  .         Spirit   .     p - +2 cloak {rC+}
rCorr  .         Warding  .     S - +1 pair of gloves of Classification {Str+4 Dex+10 Stlth-}
rMut   .         Stasis   .     t - +2 pair of boots
MR     ++...                    L - amulet of clarity
Stlth  ..........               C - ring of protection from magic
                                o - ring of protection from fire

@: glowing, very resistant to hostile enchantments, extremely unstealthy
A: retaliatory headbutt, horns 2, talons 1, large bone plates 1, blink, cold
resistance 1, poison resistance, spit poison 1
a: Spit Poison, Blink, Divine Shield, Cleansing Flame, Summon Divine Warrior,
Renounce Religion


You were on level 3 of the Snake Pit.
You worshipped the Shining One.
The Shining One was exalted by your worship.
You were not hungry.

You visited 5 branches of the dungeon, and saw 31 of its levels.
You also visited: Bailey and Ice Cave.

You collected 3867 gold pieces.
You spent 2146 gold pieces at shops.

Inventory:

Hand weapons
 a - a +1 flail of flaming
 y - a +0 whip of freezing
 A - a +5 flail of holy wrath (weapon)
 I - a +0 whip of electrocution
Armour
 g - the +7 ring mail of the Other Side {rPois Slay+3}
   (You found it on level 6 of the Dungeon)

   It affects your accuracy and damage with ranged weapons and melee attacks
   (+3).
   It protects you from poison.
 p - a +2 cloak of cold resistance (worn)
 t - a +2 pair of boots (worn)
 E - a +2 gold dragon armour (worn)
 S - the +1 pair of gloves of Classification (worn) {Str+4 Dex+10 Stlth-}
   (You found it on level 2 of the Lair of Beasts)

   It affects your strength (+4).
   It affects your dexterity (+10).
   It makes you less stealthy.
 Z - a +0 large shield (worn)
Jewellery
 j - an uncursed ring of protection from cold
 n - an uncursed ring of ice
 o - a ring of protection from fire (left hand)
 u - an uncursed amulet of resist mutation
 C - a ring of protection from magic (right hand)
 L - an amulet of clarity (around neck)
 M - an uncursed amulet of rage
Magical devices
 f - a wand of disintegration (13)
 h - a wand of digging (16)
 q - a wand of disintegration (10)
 D - a wand of hasting (0)
 J - a wand of lightning (6)
 Q - a wand of polymorph (7)
 U - a wand of fire (5)
 V - a wand of cold (7)
 Y - a wand of digging (2)
Scrolls
 b - 4 scrolls of recharging
 c - a scroll of magic mapping
 i - 12 scrolls of remove curse
 m - 7 scrolls of teleportation
 w - 6 scrolls of blinking
 F - 6 scrolls of identify
Potions
 d - 3 potions of might
 e - 2 potions of agility
 k - 3 potions of magic
 l - a potion of flight
 r - 2 potions of heal wounds
 v - a potion of haste
 x - a potion of brilliance
 z - 4 potions of curing
 B - 2 potions of berserk rage
Miscellaneous
 G - a crystal ball of energy
Comestibles
 s - 4 chunks of flesh
 N - 7 bread rations
 O - 4 beef jerkies
 T - 17 fruits


   Skills:
 + Level 17.2 Fighting
 - Level 12.0 Maces & Flails
 + Level 16.8 Armour
 + Level 17.1 Shields
 - Level 12.0 Invocations
 - Level 10.0 Evocations


You had 16 spell levels left.
You didn't know any spells.

Dungeon Overview and Level Annotations

Branches:
Dungeon (15/15)            Temple (1/1) D:5            Lair (8/8) D:8
 Shoals (0/4) Lair:5        Snake (3/4) Lair:4        Slime (0/6) Lair:6
    Orc (4/4) D:11            Elf (0/3) Orc:3        Vaults (0/5) D:14
 Depths (0/5) D:15

Altars:
Ashenzari
Cheibriados
Dithmenos
Gozag
Kikubaaqudgha
Makhleb
Nemelex Xobeh
Okawaru
Qazlal
Ru
Sif Muna
Vehumet
Xom
Yredelemnul
Zin
The Shining One
Beogh
Jiyva

Shops:
D:7 (   D:9 (   D:13 [   Orc:4 !}*(

Annotations:
Lair:6 exclusion: oklob plant


Innate Abilities, Weirdness & Mutations

You reflexively headbutt those who attack you in melee.
You have a pair of horns on your head.
You have sharp toenails.
You are partially covered in large bone plates (AC +2, SH +2).
You can translocate small distances at will.
Your flesh is cold resistant.
Your system is resistant to poisons.
You can spit weak poison.


Message History

You block the salamander's attack.
The shock serpent bites you but does no damage.
You sock the shock serpent!
The shock serpent is almost dead.
The shock serpent's electric aura discharges!
The lightning shocks you.
The shock serpent shoots out a bolt of lightning at you!
The bolt of electricity hits you!
* * * LOW HITPOINT WARNING * * *
The bolt of electricity hits you!
* * * LOW HITPOINT WARNING * * *
The bolt of electricity hits the shock serpent.
The shock serpent completely resists.
You block the salamander's attack.
Drink which item? (? for menu, Esc to quit)
You feel much better.
The shock serpent shoots out a bolt of lightning at you!
The bolt of electricity hits you!
* * * LOW HITPOINT WARNING * * *
The bolt of electricity hits you!
You die...

##.........#.)....# ##
##................
##.######.............#
##.....###.###..###...##
..........##..### #####
............###
...........##
......S....#
......N@...#
.........### ...#######
#


You could see a salamander and a shock serpent.

Vanquished Creatures
  Rupert (Lair:5)
  Agnes (Snake:1)
  Frances (Snake:1)
  Roxanne (Snake:1)
  Donald (Orc:4)
  An orc warlord (Orc:4)
  A greater naga (Snake:2)
  A frost giant (IceCv)
  Aizul (Snake:1)
  A stone giant (Orc:3)
  A salamander stormcaller (D:14)
  Fannar (Orc:2)
  7 hydras
  Harold (Orc:3)
  6 naga warriors
  5 anacondas
  A centaur warrior (D:15)
  A catoblepas (D:14)
  14 death yaks
  2 tengu warriors (D:15)
  2 naga sharpshooters
  Urug (Lair:3)
  2 shock serpents
  The ghost of Cenon the Grappler, an experienced VSTm of Makhleb (Lair:1)
  6 orc high priests (Orc:4)
  A skeletal warrior (D:14)
  2 unseen horrors
  An ice statue (IceCv)
  2 wizards (D:15)
  5 hill giants
  4 naga ritualists
  A necromancer (D:15)
  5 orc knights
  A deep elf conjurer (D:15)
  3 griffons
  5 salamanders
  3 cyclopes
  3 manticores
  11 ugly things
  A mana viper (Snake:1)
  A centaur zombie (D:15)
  5 elephants (Lair:8)
  6 orc sorcerers
  A guardian serpent (Snake:1)
  5 naga magi (Snake:1)
  2 torpor snails
  34 black mambas
  5 centaur skeletons
  2 gargoyles
  22 spiny frogs
  A kobold demonologist (D:15)
  9 komodo dragons
  2 tengu conjurers
  2 fire drakes
  A freezing wraith (D:15)
  8 trolls
  6 two-headed ogres
  19 polar bears
  Prince Ribbit (D:7)
  A boulder beetle (Lair:8)
  16 slime creatures
  A trapdoor spider zombie (D:11)
  19 blink frogs
  3 giant leeches (Lair:8)
  A snapping turtle (Lair:5)
  A centaur simulacrum (D:11)
  A vampire (D:14)
  A shadow (D:12)
  2 hill giant zombies (D:11)
  7 hungry ghosts
  4 wyverns
  10 deep elf fighters (Orc:3)
  2 deep elf magi (Orc:3)
  16 humans (D:14)
  A golden eye (shapeshifter) (D:14)
  Grum (D:8)
  11 hippogriffs
  7 basilisks
  58 yaks
  A redback simulacrum (D:15)
  Menkaure (D:7)
  10 vampire mosquitoes
  A mottled dragon (D:15)
  Edmund (D:6)
  8 nagas
  2 wargs (Orc:4)
  22 wolves
  17 water moccasins
  A sky beast (D:15)
  8 porcupines
  55 orc warriors
  2 ice beasts
  A black bear (D:8)
  8 centaurs
  17 ogres
  4 phantoms
  2 wasps
  11 crocodiles
  2 necrophages
  32 giant frogs
  A brain worm (D:14)
  2 big kobolds
  2 scorpions
  A water moccasin skeleton (D:7)
  A wyvern skeleton (D:9)
  3 wights (D:14)
  3 electric eels (Lair:8)
  A giant frog zombie (D:12)
  6 jellies
  32 orc priests
  A wasp zombie (D:13)
  8 crimson imps
  Crazy Yiuf (D:2)
  10 iguanas
  A gnoll shaman (D:9)
  2 giant frog skeletons (D:7)
  9 hounds
  28 orc wizards
  3 quasits
  9 worker ants
  43 sheep
  4 ogre zombies (D:11)
  3 hound zombies
  38 river rats
  7 gnolls
  A worker ant zombie (D:6)
  16 adders
  2 shadow imps
  An ooze (D:2)
  An adder skeleton (D:8)
  An adder zombie (D:5)
  3 worms
  6 giant geckos
  287 orcs
  6 bats
  7 hobgoblins
  6 quokkas
  2 ball pythons
  8 giant cockroaches
  A giant cockroach zombie (D:5)
  2 giant gecko skeletons (D:5)
  A giant gecko zombie (D:5)
  3 giant newts
  9 goblins
  4 goblin zombies (D:11)
  A hobgoblin skeleton (D:11)
  2 hobgoblin zombies (D:11)
  14 kobolds
  3 orc skeletons (D:11)
  9 orc zombies (D:11)
  9 rats
  A plant (Lair:6)
1235 creatures vanquished.

Vanquished Creatures (collateral kills)
  Vashnia (Snake:2)
  A greater naga (Snake:2)
  An anaconda (Snake:2)
  2 naga sharpshooters (Snake:2)
  A black mamba (Snake:2)
6 creatures vanquished.

Vanquished Creatures (others)
  Asterion (Snake:2)
  A naga (Snake:1)
  A wight (D:14)
  An electric eel (Lair:8)
  2 orc wizards (Orc:4)
  An orc (Orc:3)
  A bush (Lair:8)
  A fire vortex (D:14)
  16 fungi
  46 plants
71 creatures vanquished.

Grand Total: 1312 creatures vanquished

Notes
Turn   | Place    | Note
--------------------------------------------------------------
     0 | D:1      | shakdrar the Minotaur Fighter began the quest for the Orb.
     0 | D:1      | Reached XP level 1. HP: 19/19 MP: 0/0
   245 | D:1      | Reached XP level 2. HP: 27/27 MP: 1/1
   511 | D:2      | Found a shattered altar of Ashenzari.
   523 | D:2      | Reached XP level 3. HP: 31/33 MP: 2/2
   707 | D:2      | Noticed Crazy Yiuf
   714 | D:2      | Killed Crazy Yiuf
   714 | D:2      | Reached skill level 4 in Fighting
   870 | D:2      | Reached XP level 4. HP: 38/40 MP: 3/3
  1773 | D:4      | Found Feob's Weapon Shoppe.
  2130 | D:4      | Reached XP level 5. HP: 45/47 MP: 4/4
  2388 | D:4      | Reached skill level 5 in Maces & Flails
  2753 | D:5      | Entered Level 5 of the Dungeon
  2829 | D:5      | Reached XP level 6. HP: 49/55 MP: 5/5
  2906 | D:5      | Noticed a two-headed ogre
  2950 | D:5      | Killed a two-headed ogre
  2950 | D:5      | Reached skill level 5 in Fighting
  2950 | D:5      | Reached skill level 6 in Maces & Flails
  2950 | D:5      | Reached skill level 5 in Armour
  2950 | D:5      | Reached skill level 5 in Shields
  2982 | D:5      | Reached XP level 7. HP: 43/61 MP: 6/6
  3358 | D:5      | Noticed an ogre
  3368 | D:5      | Killed an ogre
  3603 | D:5      | Found a staircase to the Ecumenical Temple.
  3612 | Temple   | Entered the Ecumenical Temple
  3695 | Temple   | Became a worshipper of the Shining One
  4053 | D:6      | Got a distressingly furry ring mail
  4064 | D:6      | Identified the +7 ring mail of the Other Side {rPois Slay+3} (You found it on level 6 of the Dungeon)
  4089 | D:6      | Reached skill level 7 in Maces & Flails
  4164 | D:6      | Found a sparkling altar of Nemelex Xobeh.
  4491 | D:6      | Noticed Edmund
  4505 | D:6      | Killed Edmund
  4505 | D:6      | Reached XP level 8. HP: 11/70 MP: 7/7
  5094 | D:7      | Noticed Prince Ribbit
  5132 | D:7      | Killed Prince Ribbit
  5132 | D:7      | Reached skill level 8 in Maces & Flails
  5279 | D:7      | Noticed Menkaure
  5279 | D:7      | Acquired the Shining One's first power
  5291 | D:7      | Killed Menkaure
  5570 | D:7      | Found Gizedoki's Antique Weapon Shop.
  5826 | D:7      | Reached skill level 9 in Maces & Flails
  6080 | D:8      | Reached XP level 9. HP: 75/79 MP: 8/8
  6190 | D:8      | Noticed Grum
  6286 | D:8      | Reached skill level 10 in Maces & Flails
  6497 | D:8      | Found a shattered altar of Ashenzari.
  6525 | D:8      | Killed Grum
  6678 | D:8      | Acquired the Shining One's second power
  6683 | D:8      | Found an iron altar of Okawaru.
  6871 | D:8      | Found a staircase to the Lair.
  6917 | D:9      | Found Tuepilug's Antique Weapon Boutique.
  7012 | D:9      | Reached skill level 11 in Maces & Flails
  7237 | D:9      | Reached XP level 10. HP: 87/89 MP: 9/9
  7480 | D:10     | Entered Level 10 of the Dungeon
  7541 | D:10     | Noticed a hill giant
  7554 | D:10     | Killed a hill giant
  7763 | D:10     | Reached skill level 12 in Maces & Flails
  7793 | D:10     | Reached skill level 1 in Evocations
  8329 | D:10     | Noticed a green ugly thing
  8341 | D:10     | Killed a green ugly thing
  8541 | D:10     | Noticed a brown ugly thing
  8548 | D:10     | Killed a brown ugly thing
  8724 | D:11     | Found a staircase to the Orcish Mines.
  8727 | D:11     | Reached skill level 5 in Evocations
  8744 | D:11     | Acquired the Shining One's third power
  8744 | D:11     | Reached XP level 11. HP: 96/96 MP: 12/14
  8802 | D:11     | Got a slimy chain mail
  8813 | D:11     | Identified the +4 chain mail of the Peasants {MP+9} (You found it on level 11 of the Dungeon)
  8967 | D:11     | Acquired the Shining One's fourth power
  9637 | Lair:1   | Entered Level 1 of the Lair of Beasts
  9645 | Lair:1   | Found a labyrinth entrance.
  9659 | Lair:1   | Noticed Cenon's ghost (experienced VSTm)
  9676 | Lair:1   | Killed Cenon's ghost
 10824 | Lair:2   | Got a pair of dazzling gloves
 10835 | Lair:2   | Identified the +1 pair of gloves of Classification {Str+4 Dex+10 Stlth-} (You found it on level 2 of the Lair of Beasts)
 11366 | Lair:3   | Noticed Urug
 11393 | Lair:3   | Killed Urug
 11784 | Lair:3   | Noticed a death yak
 11784 | Lair:3   | Noticed a death yak
 11785 | Lair:3   | Noticed a death yak
 11785 | Lair:3   | Noticed a death yak
 11801 | Lair:3   | Noticed a death yak
 11802 | Lair:3   | Noticed a death yak
 11821 | Lair:3   | Killed a death yak
 11821 | Lair:3   | Reached skill level 10 in Evocations
 11831 | Lair:3   | Killed a death yak
 11844 | Lair:3   | Killed a death yak
 11858 | Lair:3   | Killed a death yak
 11858 | Lair:3   | Reached XP level 12. HP: 40/105 MP: 18/18
 11868 | Lair:3   | Killed a death yak
 11868 | Lair:3   | Reached skill level 5 in Invocations
 11875 | Lair:3   | Killed a death yak
 13242 | Lair:4   | Found a staircase to the Snake Pit.
 13494 | Lair:4   | Reached skill level 10 in Invocations
 15050 | Lair:5   | Reached XP level 13. HP: 99/111 MP: 20/20
 15128 | Lair:5   | Noticed Rupert
 15140 | Lair:5   | Paralysed by Rupert for 4 turns
 15148 | Lair:5   | Killed Rupert
 15827 | Lair:5   | Found a staircase to the Shoals.
 16200 | Lair:6   | Found a viscous altar of Jiyva.
 16200 | Lair:6   | Found a staircase to the Slime Pits.
 16248 | Lair:6   | Reached skill level 10 in Fighting
 16835 | Lair:7   | Reached skill level 10 in Shields
 16841 | Lair:7   | Reached skill level 10 in Armour
 18592 | Lair:8   | Entered Level 8 of the Lair of Beasts
 18646 | Lair:8   | Reached XP level 14. HP: 84/125 MP: 22/22
 21434 | Orc:1    | Entered Level 1 of the Orcish Mines
 21663 | Orc:2    | Noticed Fannar
 21682 | Orc:2    | Killed Fannar
 21682 | Orc:2    | Reached skill level 13 in Fighting
 22158 | Orc:3    | Found a frozen archway.
 22181 | IceCv    | Entered an ice cave
 22601 | IceCv    | Noticed a frost giant
 22627 | IceCv    | Killed a frost giant
 23021 | IceCv    | Gained mutation: You can translocate small distances at will. [potion of beneficial mutation]
 23022 | IceCv    | Gained mutation: You are partially covered in large bone plates (AC +2, SH +2). [potion of beneficial mutation]
 23023 | IceCv    | Gained mutation: You have sharp toenails. [potion of beneficial mutation]
 23421 | Orc:3    | Found a staircase to the Elven Halls.
 23521 | Orc:3    | Reached XP level 15. HP: 94/136 MP: 23/23
 23970 | Orc:3    | Noticed Harold
 23986 | Orc:3    | Killed Harold
 24785 | Orc:4    | Entered Level 4 of the Orcish Mines
 24896 | Orc:4    | Noticed Donald
 24936 | Orc:4    | Killed Donald
 25224 | Orc:4    | Reached skill level 14 in Fighting
 25676 | Orc:4    | Found a roughly hewn altar of Beogh.
 25940 | Orc:4    | Found Uwom's Gadget Boutique.
 26004 | Orc:4    | Bought a wand of digging (16) for 640 gold pieces
 26602 | Orc:4    | Found Apetij's Distillery.
 26612 | Orc:4    | Bought a potion of heal wounds for 75 gold pieces
 26612 | Orc:4    | Bought a potion of heal wounds for 75 gold pieces
 26612 | Orc:4    | Bought a potion of mutation for 37 gold pieces
 26798 | Orc:4    | Found a roughly hewn altar of Beogh.
 27270 | Orc:4    | Found Xozum's General Store.
 27274 | Orc:4    | Bought a +3 ring of intelligence for 204 gold pieces
 27274 | Orc:4    | Bought a potion of heal wounds for 65 gold pieces
 27284 | Orc:4    | Found Irrups's Weapon Shop.
 28482 | D:11     | Noticed a manticore
 28490 | D:11     | Killed a manticore
 28507 | D:11     | Got a distressingly furry scale mail
 28518 | D:11     | Identified the +2 scale mail of the Four Realms {*Contam MR+ Dex+3} (You found it on level 11 of the Dungeon)
 29064 | D:12     | Gained mutation: Your system is resistant to poisons. [potion of beneficial mutation]
 29909 | D:13     | Identified a +4 flail of holy wrath (a +2 flail of protection blessed by the Shining One)
 29909 | D:13     | Received a gift from the Shining One
 30143 | D:13     | Reached skill level 15 in Fighting
 30208 | D:13     | Found Icingekh's Armour Shop.
 30211 | D:13     | Bought a gold dragon hide for 1050 gold pieces
 30246 | D:13     | Reached skill level 15 in Shields
 30997 | D:14     | Found a gate to the Vaults.
 31083 | D:14     | Found a flagged portal.
 31139 | Bailey   | Entered a bailey
 31435 | Bailey   | Got a smoking steam dragon armour
 31446 | Bailey   | Identified the +4 steam dragon armour of the Tundras {*Drain rElec rPois} (You found it in a bailey)
 31620 | D:14     | Reached skill level 15 in Armour
 31676 | D:14     | Reached XP level 16. HP: 149/149 MP: 24/24
 32334 | D:15     | Entered Level 15 of the Dungeon
 32680 | D:15     | Found a staircase to the Depths.
 32708 | D:15     | Reached skill level 16 in Fighting
 33350 | Snake:1  | Entered Level 1 of the Snake Pit
 33353 | Snake:1  | Noticed Frances
 33371 | Snake:1  | Killed Frances
 33394 | Snake:1  | Noticed Roxanne
 33427 | Snake:1  | Killed Roxanne
 33437 | Snake:1  | Identified Roxanne's Compendium of Unstable Earth (You took it off Roxanne on level 1 of the Snake Pit)
 33718 | Snake:1  | Gained mutation: Your flesh is cold resistant. [potion of beneficial mutation]
 33783 | Snake:1  | Noticed Agnes
 33818 | Snake:1  | Killed Agnes
 34279 | Snake:1  | Noticed Aizul
 34296 | Snake:1  | Killed Aizul
 35375 | Snake:2  | Noticed Vashnia
 35801 | Snake:2  | Noticed Asterion
 35818 | Snake:2  | Killed Asterion
 35872 | Snake:2  | Killed Vashnia
 35872 | Snake:2  | Reached skill level 17 in Fighting
 35879 | Snake:2  | Reached XP level 17. HP: 65/161 MP: 21/25
 36667 | Temple   | Gained mutation: You can spit weak poison. [potion of beneficial mutation]
 36950 | Snake:2  | Identified the Almanac of Good Luck and Venom (You found it on level 2 of the Snake Pit)
 37674 | Snake:3  | Killed from afar by a shock serpent

Vault maps used:
D:1:      evilmike_arrival_crescent, minmay_statues_item
D:2:      ashenzari_altar_1, uniq_crazy_yiuf_cottage
D:3:      first_bread
D:4:      serial_shops, shop
D:5:      temple_hall
D:6:      fountainhead, nemelex_xobeh_ov_fountains_minmay, uniq_edmund
D:7:      serial_shops, nicolae_shop_trees, uniq_menkaure, uniq_prince_ribbit1
D:8:      overflow_temple_1_default, lemuel_coloured_pillars_altar,
          lair_0_dummy, uniq_grum
D:9:      serial_shops, shop_statue
D:10:     minmay_wavy_crystal, serial_co_window_serial,
          co_window_of_opportunity_a, co_window_of_opportunity_a,
          co_window_paths_a, co_window_corner_a, co_window_corner_a,
          co_window_paths_b, co_window_broadway_c, co_window_of_opportunity_b,
          co_window_corner_b, co_window_2corner, co_window_of_opportunity_b,
          co_window_broadway_c, co_window_4corner_a, co_window_paths_e,
          glass_columns_c
D:11:     zombieorc1_lemuel
D:13:     serial_shops, nicolae_shop_behind_doors, grunt_ogre_cave
D:14:     david_vaults_3, eino_curves_01, enter_bailey_2
D:15:     grunt_enter_depths_magical_seal
Temple:   minmay_crystal_snake_temple_18
Lair:1:   lab_entry_generic, serial_bayou_shore_a
Lair:3:   infiniplex_staircase_pool, lemuel_fruit_tree, grunt_megastairs_2,
          uniq_urug
Lair:4:   minmay_snake_entry_six_corridors, minmay_holes, lemuel_fruit_fields
Lair:5:   minmay_shoals_entry_hut, kennysheep_basilisk_garden,
          lemuel_fruit_fields, uniq_rupert
Lair:6:   minmay_lair_venomous_thicket, dpeg_slime_entry_enclosed_altar
Lair:8:   minmay_lair_end_frog_pond, minivault_27, serial_bayou_lake_a
Snake:1:  uniq_aizul, uniq_roxanne, uniq_agnes, uniq_frances
Snake:2:  grunt_megastairs_5, uniq_asterion, uniq_vashnia
Snake:3:  uniq_azrael
Orc:2:    uniq_fannar
Orc:3:    portal_ice_cave_entry_pillars_01, nicolae_orc_pool_cavern,
          elves_outpost_lemuel, uniq_harold
Orc:4:    pubby_orc_utopia, serial_shops, uniq_donald
Bailey:   bailey_polearm_1, bailey
IceCv:    ice_cave_small_giant

Action                   |  1- 3 |  4- 6 |  7- 9 | 10-12 | 13-15 | 16-18 || total
-------------------------+-------+-------+-------+-------+-------+-------++-------
Melee: Flail             |    61 |   132 |   292 |   734 |  1820 |   675 ||  3714
       Whip              |       |       |       |       |   221 |       ||   221
Invok: Cleansing Flame   |       |       |       |       |     2 |     1 ||     3
       Brand Weapon With |       |       |       |       |     1 |       ||     1
       Summon Divine War |       |       |       |       |       |     3 ||     3
 Abil: Blink             |       |       |       |       |       |     1 ||     1
Evoke: Wand              |       |     1 |       |       |     4 |     2 ||     7
  Use: Scroll            |       |       |     7 |    24 |     9 |     5 ||    45
       Potion            |       |       |     1 |     3 |    13 |    14 ||    31
 Stab: Petrified         |       |       |       |       |       |     1 ||     1
  Eat: Chunk             |       |     7 |    10 |    18 |    53 |     9 ||    97
       Pizza             |       |       |     1 |     1 |       |       ||     2
       Bread ration      |       |       |     1 |       |       |       ||     1
       Fruit             |       |       |       |     6 |     6 |     8 ||    20
       Beef jerky        |       |       |       |     1 |       |     2 ||     3
       Meat ration       |       |       |       |     1 |       |     1 ||     2
